 Dungeon Crawl Stone Soup version 0.30-a0-672-gc3a7216ad8 (webtiles) character file.

Game seed: 17293882338383483375

6427 Crownlay the Destroyer (level 10, -11/62 (63) HPs)
             Began as a Demonspawn Fire Elementalist on Jan 18, 2023.
             Was an Initiate of Gozag.
             Killed by divine providence
             ... invoked by an orc priest
              (15 damage)
             ... on level 10 of the Dungeon.
             The game lasted 00:33:12 (9869 turns).

Crownlay the Destroyer (DsFE)                       Turns: 9869, Time: 00:33:13

HP:   -11/62 (63)   AC: 12    Str:  8    XL:     10   Next: 67%
MP:   18/18         EV: 17    Int: 21    God:    Gozag
Gold: 138           SH:  0    Dex: 20    Spells: 9/19 levels left

rFire   . . .      SeeInvis +    d - +4 sling (flame)
rCold   . . .      Faith    .    (no shield)
rNeg    . . .      Spirit   .    A - +0 steam dragon scales
rPois   +          Reflect  .    n - +0 hat
rElec   .          Harm     .    (no cloak)
rCorr   .          Rampage  .    a - +1 pair of gloves of the Old and Reckless {Contam Regen+ Slay+2 SInv}
Will    .....                    q - +2 pair of boots
Stlth   ++                       (no amulet)
HPRegen 1.10/turn                m - ring of wizardry
MPRegen 0.16/turn                p - ring of Moderation {Wiz Drain rPois Dex+6}

@: agile, hasted, lightly drained, very quick
A: antennae 2, yellow scales 1, powered by pain 2
a: Renounce Religion, Potion Petition, Call Merchant, Bribe Branch


You were on level 10 of the Dungeon.
You worshipped Gozag.
Gozag was aware of your devotion.
You visited 1 branch of the dungeon, and saw 10 of its levels.

You collected 992 gold pieces.
You spent 750 gold pieces at shops.
You paid 104 gold pieces to Gozag.

Inventory:

Hand Weapons
 d - a +4 sling of flaming (weapon)
 w - a +1 hand axe of venom
 G - a +4 spear
Missiles
 F - 2 throwing nets
Armour
 a - the +1 pair of gloves of the Old and Reckless (worn) {Contam Regen+ Slay+2 SInv}
   (You acquired it on level 7 of the Dungeon)

   Slay:      It affects your accuracy & damage with ranged weapons and melee
   (+2).
   SInv:      It lets you see invisible.
   Contam:    It causes magical contamination when unequipped.
   Regen:     It increases your rate of health regeneration.
 n - a +0 hat (worn)
 q - a +2 pair of boots (worn)
 A - +0 steam dragon scales (worn)
Jewellery
 f - a +6 ring of dexterity
 m - a ring of wizardry (left hand)
 p - the ring of Moderation (right hand) {Wiz Drain rPois Dex+6}
   (You acquired it on level 7 of the Dungeon)

   [ring of wizardry]

   It improves your spell success rate.
   Dex:       It affects your dexterity (+6).
   rPois:     It protects you from poison.
   Drain:     It drains your maximum health when unequipped.
 B - a +6 ring of strength
Wands
 v - a wand of flame (33)
 C - a wand of paralysis (6)
Scrolls
 c - 4 scrolls of amnesia
 i - 2 scrolls of identify
 j - 2 scrolls of blinking
 l - a scroll of enchant weapon
 o - 3 scrolls of teleportation
 r - a scroll of enchant armour
 t - 3 scrolls of fear
 x - 2 scrolls of fog
 y - a scroll of silence {unknown}
 D - 2 scrolls of magic mapping
 E - a scroll of summoning
 H - 2 scrolls of poison
 I - 4 scrolls of brand weapon {unknown}
 K - a scroll of immolation
Potions
 b - 3 potions of magic
 e - a potion of heal wounds
 g - 2 potions of might
 h - 2 potions of brilliance
 k - 2 potions of flight
 s - a potion of resistance
 u - 3 potions of curing
 J - 2 potions of haste
 L - a potion of cancellation


   Skills:
 - Level 1.7 Dodging
 - Level 1.7 Stealth
 + Level 5.4 Spellcasting
 - Level 10.0 Conjurations
 + Level 6.3 Hexes
 + Level 9.5 Fire Magic


You had 9 spell levels left.
You knew the following spells:

 Your Spells              Type           Power      Damage    Failure   Level
a - Foxfire               Conj/Fire      100%       2x1d9     1%          1
b - Scorch                Fire           90%        2d10      1%          2
c - Inner Flame           Hex/Fire       38%        N/A       1%          3
d - Cause Fear            Hex            16%        N/A       2%          4

Your spell library contained the following spells:

 Spells                   Type           Power      Damage    Failure   Level
 Hailstorm                Conj/Ice       26%        3d7       1%          3
 Flame Wave               Conj/Fire      46%        2d12      1%          4
 Kindle Blastsparks       Fire/Tloc/Air  38%        2d13      2%          3
 Beastly Appendage        Tmut           10%        N/A       3%          1
 Freeze                   Ice            20%        1d4       3%          1
 Wereblood                Tmut           5%         N/A       4%          2
 Frozen Ramparts          Ice            10%        1d2       9%          3
 Spider Form              Tmut/Pois      5%         N/A       9%          3
 Discord                  Hex            16%        N/A       100%        8


Dungeon Overview and Level Annotations

Branches:
Dungeon (10/15)            Temple (0/1) D:7            Lair (0/5) D:10
    Orc (0/2) D:9

Altars:
Ashenzari
Cheibriados
Fedhas
Gozag
Kikubaaqudgha
Makhleb
Nemelex Xobeh
Qazlal
Sif Muna
Trog

Shops:
D:2 (:**   D:4 ?   D:7 [(   D:9 ?   D:10 !*?[

Annotations:
D:6 3 runed translucent doors, exclusion: oklob plant, MirrMurr's ghost, novice SpHu
D:10 Snorg


Innate Abilities, Weirdness & Mutations

You have a pair of antennae on your head.
You are partially covered in yellow scales. (AC +2)
You sometimes gain power by taking damage.


Message History

The foxfire hits Snorg.
Snorg is burned terribly!
Snorg is moderately wounded.
The foxfire hits Snorg.
Snorg is burned terribly!
Snorg is moderately wounded.
Casting: Scorch (safe; 1% risk of failure)
Confirm with . or Enter, or press ? or * to list all spells.
You conjure some foxfire!
Casting: Foxfire (safe; 1% risk of failure)
Confirm with . or Enter, or press ? or * to list all spells.
Aiming: Inner Flame (safe; 1% risk of failure)
Press: ? - help, Dir - move target, f - Snorg
Aim: Snorg (moderately wounded, more vulnerable to fire, ally target, chance to affect: 62%) Snorg resists with significant effort.
The foxfire hits Snorg!
Snorg is burned terribly!
Snorg is heavily wounded.
The foxfire hits Snorg!
Snorg is burned terribly!
Snorg is heavily wounded.
Snorg goes berserk!
You shoot a sling bullet. The sling bullet hits Snorg!
The sling bullet burns Snorg.
Snorg is heavily wounded.
Snorg is no longer more vulnerable to fire.
Snorg rages.
Snorg bites you!
You focus on the pain.
You feel your power returning. Snorg closely misses you. Snorg claws you.
Snorg attacks as you move away! Snorg bites you!
* * * LOW HITPOINT WARNING * * *
You focus on the pain.
You feel agile all of a sudden. Snorg claws you but does no damage.
Snorg misses you. Snorg bites you.
* * * LOW HITPOINT WARNING * * *
Snorg claws you but does no damage. x2
You feel yourself speed up. Snorg misses you. Snorg barely misses you.
Snorg claws you!
* * * LOW HITPOINT WARNING * * *
The orc priest mumbles some strange prayers to Beogh against you.
Beogh smites you!
You die...
Your body crumbles into a pile of gold.

.....................##..........
.........z.......#...##.#########
.........#...$..####..#.# #
.........#..$...## #....# #
#......#.#..o....####...# #
#.#....#.##.......# #...#########
#.>.......#[$...#.###.#..#.......
#..#...$..)$$##T#.....#..[.......
##.$$$)####@.#####..........
....... #..# ####.(..>.. ..P....
#.## #.[..... ....... ..#
#....... ...$>.. ...# #.......
....... ...## #......< ...#
#....... ...# ######## ..##


You could see Snorg (berserk), a wight and an orc priest.

Vanquished Creatures
  Maggie (D:7)
  2 kobold demonologists
  A troll (D:10)
  Grinder (D:4)
  Prince Ribbit (D:6)
  A hornet (D:10)
  A shadow (D:10)
  5 yaks
  A steam dragon (D:6)
  3 wargs (D:10)
  Edmund (D:6)
  3 acid dragons (D:9)
  A water moccasin (D:7)
  4 orc warriors
  A sky beast (D:7)
  A centaur (D:9)
  An ogre (D:7)
  3 kobold brigands
  5 bullfrogs
  4 necrophages
  8 wights
  A howler monkey (D:9)
  An electric eel (D:10)
  9 jellies
  4 hounds
  6 orc priests
  3 iguanas
  5 orc wizards
  7 adders
  4 gnolls (D:3)
  A white imp (D:7)
  An ufetubus (D:5)
  A worm (D:2)
  A dart slug (D:5)
  20 orcs
  22 endoplasms
  4 giant cockroaches
  5 hobgoblins
  2 jackals (D:3)
  4 quokkas
  13 ball pythons
  5 bats
  7 frilled lizards
  5 goblins
  24 kobolds
  4 rats
208 creatures vanquished.

Vanquished Creatures (others)
  219 foxfires
  11 fungi
230 creatures vanquished.

Grand Total: 438 creatures vanquished

Notes
Turn   | Place    | Note
-------+----------+-------------------------------------------
     0 | D:1      | Crownlay the Demonspawn Fire Elementalist began the quest
                  | for the Orb.
     0 | D:1      | Reached XP level 1. HP: 13/13 MP: 3/3
   364 | D:1      | Gained mutation: You have a pair of small antennae on your
                  | head. [demonic ancestry]
   364 | D:1      | Reached XP level 2. HP: 19/19 MP: 5/5
   602 | D:1      | Found a faded altar of an unknown god.
   625 | D:1      | Reached skill level 2 in Conjurations
   762 | D:2      | Found Jewuen's General Store.
   770 | D:2      | Bought a potion of flight for 42 gold pieces
   781 | D:2      | Reached XP level 3. HP: 24/24 MP: 6/6
   832 | D:2      | Found Mifokh's General Store.
  1012 | D:2      | Learned a level 2 spell: Scorch
  1016 | D:2      | Learned a level 3 spell: Inner Flame
  1065 | D:2      | Found Mime's Book Boutique.
  1157 | D:2      | Found Xirgh's Antique Weapon Boutique.
  1263 | D:2      | Bought a scroll of teleportation for 36 gold pieces
  1295 | D:3      | Found a blossoming altar of Fedhas.
  1300 | D:3      | Gained mutation: You have a pair of antennae on your head.
                  | [demonic ancestry]
  1300 | D:3      | Reached XP level 4. HP: 30/30 MP: 7/7
  1302 | D:3      | You fall into a shaft and drop 1 floor!
  1407 | D:3      | Reached skill level 3 in Conjurations
  1501 | D:3      | Reached skill level 1 in Hexes
  1505 | D:3      | Reached XP level 5. HP: 26/35 MP: 8/8
  1965 | D:3      | Found a bloodstained altar of Trog.
  2899 | D:4      | Gained mutation: You are partially covered in yellow
                  | scales. (AC +2) [demonic ancestry]
  2899 | D:4      | Reached XP level 6. HP: 40/41 MP: 9/9
  2953 | D:4      | Reached skill level 4 in Conjurations
  3115 | D:4      | Found Hyxodas's Magic Scroll Boutique.
  3132 | D:4      | Found a broken altar of Ashenzari.
  3211 | D:4      | Bought a scroll of fear for 48 gold pieces
  3211 | D:4      | Bought a scroll of identify for 24 gold pieces
  3335 | D:4      | Noticed Grinder
  3584 | D:4      | Killed Grinder
  3585 | D:4      | Reached skill level 5 in Conjurations
  3585 | D:4      | Reached skill level 5 in Fire Magic
  3585 | D:4      | Gained mutation: You sometimes gain a little power by
                  | taking damage. [demonic ancestry]
  3585 | D:4      | Reached XP level 7. HP: 41/46 MP: 1/10
  3691 | D:5      | Entered Level 5 of the Dungeon
  3998 | D:5      | Found a stormy altar of Qazlal.
  4040 | D:5      | Found an ancient bone altar of Kikubaaqudgha.
  4495 | D:6      | Noticed Prince Ribbit
  4503 | D:6      | Killed Prince Ribbit
  4504 | D:6      | Reached skill level 6 in Conjurations
  4504 | D:6      | Reached XP level 8. HP: 43/52 MP: 0/11
  4820 | D:6      | Found a runed translucent gate.
  4820 | D:6      | Found a runed translucent gate.
  4820 | D:6      | Found a runed translucent gate.
  4821 | D:6      | Noticed MirrMurr's ghost (novice SpHu)
  5010 | D:6      | Noticed Edmund
  5018 | D:6      | Killed Edmund
  5019 | D:6      | Reached skill level 7 in Conjurations
  5367 | D:6      | Noticed an oklob plant
  5539 | D:6      | Found an opulent altar of Gozag.
  5540 | D:6      | Found a shimmering blue altar of Sif Muna.
  5901 | D:7      | Noticed Maggie
  5912 | D:7      | Killed Maggie
  5913 | D:7      | Reached skill level 8 in Conjurations
  5913 | D:7      | Reached XP level 9. HP: 52/57 MP: 0/12
  6043 | D:7      | Found a staircase to the Ecumenical Temple.
  6194 | D:6      | Became a worshipper of Gozag Ym Sagoz the Greedy
  6304 | D:7      | Found Hiuzont's Antique Weapon Emporium.
  6421 | D:7      | Found a sparkling altar of Nemelex Xobeh.
  6689 | D:7      | Found Gileladd's Antique Armour Shoppe.
  7039 | D:7      | Identified 2 scrolls of acquirement
  7040 | D:7      | Acquired the +1 pair of gloves of the Old and Reckless
                  | {Contam Regen+ Slay+2 SInv}
  7047 | D:7      | Acquired the ring of Moderation {Wiz Drain rPois Dex+6}
  7753 | D:8      | Reached skill level 9 in Conjurations
  8082 | D:2      | Bought a scroll of fog for 48 gold pieces
  8082 | D:2      | Bought a scroll of magic mapping for 90 gold pieces
  8121 | D:4      | Bought a scroll of summoning for 114 gold pieces
  8413 | D:9      | Found Pyehawas's Magic Scroll Emporium.
  8416 | D:9      | Bought a scroll of noise for 10 gold pieces
  8416 | D:9      | Bought a scroll of immolation for 40 gold pieces
  8416 | D:9      | Bought a scroll of vulnerability for 40 gold pieces
  8416 | D:9      | Bought a scroll of identify for 20 gold pieces
  8416 | D:9      | Bought a scroll of identify for 20 gold pieces
  8462 | D:9      | Reached skill level 5 in Hexes
  8462 | D:9      | Gained mutation: You sometimes gain power by taking damage.
                  | [demonic ancestry]
  8462 | D:9      | Reached XP level 10. HP: 25/63 MP: 16/16
  8594 | D:9      | Found a staircase to the Orcish Mines.
  9077 | D:9      | Found a snail-covered altar of Cheibriados.
  9227 | D:10     | Entered Level 10 of the Dungeon
  9276 | D:10     | Noticed a smoke demon
  9345 | D:9      | Learned a level 4 spell: Cause Fear
  9359 | D:10     | Found a burning altar of Makhleb.
  9442 | D:10     | Reached skill level 5 in Spellcasting
  9512 | D:10     | Found Mor Awux's Distillery.
  9516 | D:10     | Found Moupnoby's General Store.
  9518 | D:10     | Found Zennitur's Armour Boutique.
  9518 | D:10     | Found Sanonk's Magic Scroll Shoppe.
  9523 | D:10     | Bought a scroll of identify for 22 gold pieces
  9523 | D:10     | Bought a scroll of identify for 22 gold pieces
  9549 | D:10     | Bought a scroll of identify for 24 gold pieces
  9549 | D:10     | Bought a scroll of identify for 24 gold pieces
  9553 | D:10     | Bought a potion of degeneration for 14 gold pieces
  9553 | D:10     | Bought a potion of cancellation for 112 gold pieces
  9639 | D:10     | Found a staircase to the Lair.
  9651 | D:10     | Noticed Snorg
  9775 | D:10     | Reached skill level 10 in Conjurations
  9869 | D:10     | Killed from afar by an orc priest

Illustrated notes

Levels and vault maps discovered:
D:1:      ncdulo_smallfort, layout_basic, dreamdust_ecumenical_altar_statues,
          serial_park_tiny_1
D:2:      layout_rooms, serial_shops, shop, nicolae_lakefront_shop,
          nicolae_shop_statue_plus, nicolae_shop_stone, serial_park_tiny_2
D:3:      layout_basic, fedhas_altar_2, lightli_temple_of_fire
D:4:      layout_cave_pools, ashenzari_altar_1, serial_shops, shop, uniq_grinder
D:5:      layout_cave_pools, overflow_temple_1_default, grunt_qazlal_clouds
D:6:      lemuel_slime, layout_layer_cave, gammafunk_temple_overflow_claw,
          gammafunk_ghost_necromancy, uniq_prince_ribbit1, uniq_edmund
D:7:      layout_layer_cave, nemelex_spade_bored_becter, temple_statues,
          serial_shops, kennysheep_mini, shop, uniq_maggie
D:8:      layout_gridville
D:9:      layout_roguey, cheibriados_altar_1, david_orc_2, serial_shops,
          kennysheep_mini_moat
D:10:     layout_rooms, mainiacjoe_overflow_cross_hatched,
          erik_lair_orcish_takeover, nicolae_wooded_promenade, uniq_snorg

Skill      XL: |  1  2  3  4  5  6  7  8  9 10 |
---------------+-------------------------------+-----
Fire Magic     | 3 4 5 6 8 9 |  9.5
Conjurations   | 2 3 5 6 8 9 10 | 10.0
Hexes          | 1 2 3 5 6 |  6.3
Spellcasting   | 4 5 |  5.4
Dodging        | |  1.7
Stealth        | |  1.7

Action                   |  1- 3 |  4- 6 |  7- 9 | 10-12 || total
-------------------------+-------+-------+-------+-------++-------
Melee: Unarmed           |    10 |       |       |       ||    10
       Club              |     2 |       |       |       ||     2
 Fire: Sling             |    85 |   119 |   158 |    57 ||   419
 Cast: Foxfire           |     7 |     9 |    71 |    40 ||   127
       Scorch            |       |     7 |    18 |    18 ||    43
       Inner Flame       |       |       |     8 |    11 ||    19
  Use: Scroll            |     1 |       |     6 |     9 ||    16
       Potion            |       |     1 |     1 |     1 ||     3
Armor: Robe              |    13 |    38 |    22 |       ||    73
       Steam dragon scal |       |       |    25 |    13 ||    38
Dodge: Dodged            |    28 |    60 |    75 |    45 ||   208

Table legend: (Time is in decaauts)
 A = Elapsed time spent in this place.
 B = Non-inter-level travel time spent in this place.
 C = Inter-level travel time spent in this place.
 D = Time resting spent in this place.
 E = Time spent auto-exploring this place.
 F = Levels seen in this place.
 G = Mean time per level.
                   A        B        C        D        E       F      G
               +--------+--------+--------+--------+--------+-----+--------+
         Total |  10047 |   9346 |    701 |    408 |   7295 |  10 | 1004.7 |
       Dungeon |  10047 |   9346 |    701 |    408 |   7295 |  10 | 1004.7 |
               +--------+--------+--------+--------+--------+-----+--------+

Top non-repeatable levels by time:
     D:6: 1511 daAuts
     D:3: 1427 daAuts
     D:7: 1381 daAuts
     D:4: 992 daAuts
     D:9: 980 daAuts
     D:8: 950 daAuts
     D:5: 752 daAuts
     D:1: 740 daAuts
     D:2: 715 daAuts
    D:10: 595 daAuts
